 Dungeon Sprint DCSS version 0.31-a0-963-ga325b2283a (webtiles) character file.

Game seed: 6557072643770692275

69001 fozzywoppz the Conqueror (level 14, 0/168 HPs)
             Began as a Minotaur Fighter on Oct 23, 2023.
             Was the Champion of Okawaru.
             Slain by Mara
             ... wielding a +2 demon trident of venom
              (17 damage)
             ... in the Dungeon (Sprint IX: "|||||||||||||||||||||||||||||") on Oct 24, 2023.
             The game lasted 00:23:51 (3682 turns).

fozzywoppz the Conqueror (Minotaur Fighter)         Turns: 3682, Time: 00:23:51

Health: 0/168      AC: 36    Str: 29    XL:     14   Next: 88%
Magic:  22/22      EV: 23    Int:  5    God:    Okawaru [******]
Gold:   707        SH:  0    Dex: 20    Spells: 13/13 levels left

rFire   + . .        d - +7 battleaxe "Minotaur's Bane" {elec, Str+4}
rCold   + . .        (shield currently unavailable)
rNeg    . . .        n - +4 gold dragon scales
rPois   +            (helmet restricted)
rElec   .            x - +0 cloak
rCorr   .            L - +0 pair of gloves {Str+3}
SInv    .            K - +1 pair of boots
Will    +....        F - amulet of regeneration Stlth
                     A - +5 ring of evasion
HPRegen 1.28/turn    B - +6 ring of dexterity
MPRegen 0.18/turn

%: no teleportation
@: no status effects
A: horns 2, retaliatory headbutt
a: Renounce Religion, Heroism, Finesse


You were in the Dungeon.
You worshipped Okawaru.
Okawaru was exalted by your worship.
You visited 1 branch You collected 1825 gold pieces.
You spent 1118 gold pieces at shops.

Inventory:

Hand Weapons
 d - the +7 battleaxe "Minotaur's Bane" (weapon) {elec, Str+4}
   (Okawaru gifted it to you in the Dungeon)

   Str+4:     It affects your strength (+4).
 r - a +9 broad axe of freezing
 s - a +2 scimitar of holy wrath
 I - a +4 broad axe
Missiles
 b - 6 atropa-tipped darts
 f - 6 silver javelins (quivered)
 z - 3 curare-tipped darts
Armour
 c - +1 fire dragon scales
 n - +4 gold dragon scales (worn)
 p - the +5 plate armour of Tender Moments {rF+ Regen+}
   (Okawaru gifted it to you in the Dungeon)

   rF+:       It protects you from fire.
   Regen+:    It increases your rate of health regeneration.
 x - a +0 cloak (worn)
 J - a +1 tower shield
 K - a +1 pair of boots (worn)
 L - a +0 pair of gloves of strength (worn)
Jewellery
 o - a ring of poison resistance
 A - a +5 ring of evasion (left hand)
 B - a +6 ring of dexterity (right hand)
 E - a ring of willpower
 F - an amulet of regeneration (around neck)
 G - a ring of protection from cold
 H - a ring of fire
Wands
 m - a wand of light (11)
Scrolls
 l - 2 scrolls of amnesia
 t - 2 scrolls of fear
 v - a scroll of poison
 w - 2 scrolls of identify
Potions
 a - a potion of brilliance
 e - 3 potions of curing
 g - 2 potions of haste
 h - 4 potions of magic
 i - 2 potions of berserk rage
 k - a potion of invisibility
 D - 2 potions of mutation


   Skills:
 O Level 27 Fighting
 - Level 20.0 Axes
 + Level 13.1 Throwing
 + Level 23.6 Armour
 + Level 20.0 Dodging
 - Level 8.2 Shields
 - Level 12.0 Invocations
 - Level 5.0 Evocations


You had 13 spell levels left.
You didn't know any spells.
Your spell library was empty.

Dungeon Overview and Level Annotations

Branches:
Dungeon (1/1)

Altars:
Cheibriados
Dithmenos
Elyvilon
Fedhas
Gozag
Hepliaklqana
Kikubaaqudgha
Makhleb
Nemelex Xobeh
Okawaru
Qazlal
Ru
Sif Muna
Trog
Uskayaw
Vehumet
Wu Jian
Xom
Yredelemnul
Zin
The Shining One
Jiyva
Lugonu

Shops:
D =(*=

Annotations:
D Mara


Innate Abilities, Weirdness & Mutations

You have a pair of horns on your head.
You reflexively headbutt those who attack you in melee.


Message History

You feel very sick. Mara gestures at you. The bolt of fire hits you.
You resist.
* * * LOW HITPOINT WARNING * * *
The bolt of fire hits Mara!
Mara resists.
You slice Mara!!
Mara is almost dead.
You feel sick.
You closely miss Mara.
Mara is almost dead.
You feel sick.
Mara blinks!
You feel sick. Mara misses you. You furiously retaliate!
You headbutt Mara. Mara completely misses you.
You miss Mara. Your headbutt misses Mara.
Mara is heavily wounded.
You feel sick. Mara completely misses you. Mara barely misses you.
You hit Mara but do no damage. You headbutt Mara, but do no damage.
Mara is heavily wounded.
You feel sick.
You carve Mara like a ham!!!
You kill Mara!
Mara shimmers and vanishes!
You feel sick. Mara closely misses you.
You feel sick. Mara completely misses you.
Mara hits you with a +2 demon trident of venom!
* * * LOW HITPOINT WARNING * * *
You slice Mara!! Lightning courses through Mara!
You kill Mara!
Mara shimmers and vanishes!
You feel sick.
Mara says, "Bound art thou by all the snares!"
Mara gestures at you.
There is a horrible, sudden wrenching feeling in your soul!
You feel sick. Mara completely misses you.
You barely miss Mara.
Mara is heavily wounded.
You chop Mara into pieces!!! You headbutt Mara!
Mara is almost dead.
You feel sick.
You are no longer poisoned.
Mara hits you with a +2 demon trident of venom!
You die...

.▓.▓.▓.▓.▓.▓†▓.▓.▓
.▓.▓.▓.▓.▓.▓)▓.▓.▓
.▓.▓.▓.▓.▓'▓†▓.▓.▓
.▓.▓.▓.▓.♣.♣.▓.▓.▓
.▓.▓.▓.▓.♣.♣.▓.▓.▓
.▓∩▓.▓.▓.♣.♣.▓.▓.▓
.▓.▓)▓)▓.♣.♣.▓.▓.▓
.▓∩▓.▓.▓.♣.♣.▓.▓.▓
.▓=▓.▓.▓.♣.♣.▓.▓@▓
.▓∩▓.▓†▓.♣[♣.▓.▓R▓
.▓.▓.▓.▓.♣.♣.▓.▓@▓
.▓∩▓.▓.▓.♣)♣.▓.▓.▓
.▓)▓.▓.▓.♣(♣.▓.▓.▓
.▓)▓.▓.▓.▓.▓.▓.▓.▓
.▓)▓.▓.▓.▓.▓.▓.▓.▓
.▓)▓.▓(▓.▓.▓.▓.▓.▓
.▓)▓.▓[▓.▓.▓.▓.▓


You could see Mara and fozzywoppz's illusion (very poisoned).

Vanquished Creatures
  A golden dragon (D)
  2 frost giants (D)
  An emperor scorpion (D)
  A formless jellyfish (D)
  3 ironbound preservers (D)
  A vampire knight (D)
  A green draconian (D)
  4 very ugly things (D)
  4 ironbound thunderhulks (D)
  4 stone giants (D)
  Nessos (D)
  A dire elephant (D)
  A bunyip (D)
  Azrael (D)
  An ettin (D)
  Snorg (D)
  2 fire dragons (D)
  A yaktaur captain (D)
  Erolcha (D)
  A catoblepas (D)
  An alligator (D)
  3 ice dragons (D)
  2 ironbound frosthearts (D)
  3 centaur warriors (D)
  A hydra (D)
  A merfolk avatar (D)
  A boulder beetle (D)
  A tengu warrior (D)
  2 two-headed ogres (D)
  A deep troll shaman (D)
  A naga warrior (D)
  3 orc high priests (D)
  A spriggan berserker (D)
  A deep troll earth mage (D)
  3 naga sharpshooters (D)
  A shock serpent (D)
  A skyshark (D)
  3 pharaoh ants (D)
  2 goliath frogs (D)
  2 glowing orange brains (D)
  2 spriggan druids (D)
  2 swamp dragons (D)
  A steelbarb worm (D)
  A harpy (shapeshifter) (D)
  2 lindwurms (D)
  6 orc knights (D)
  2 ironbound convokers (D)
  2 wolf spiders (D)
  An ugly thing (D)
  2 orc sorcerers (D)
  A cyclops (D)
  A moth of wrath (D)
  2 manticores (D)
  2 water nymphs (D)
  4 vault sentinels (D)
  A naga mage (D)
  Maurice (D)
  5 black mambas (D)
  A rime drake (D)
  Psyche (D)
  7 cane toads (D)
  2 efreet (D)
  A freezing wraith (D)
  2 tengu conjurers (D)
  3 merfolk (D)
  3 tyrant leeches (D)
  A meliai (D)
  A wind drake (D)
  3 blink frogs (D)
  A jumping spider (D)
  A shadow (D)
  2 slime creatures (D)
  4 yaks (D)
  Grum (D)
  A vampire mosquito (D)
  A naga (D)
  6 hell hounds (D)
  3 water moccasins (D)
  10 orc warriors (D)
  A black bear (D)
  3 wolves (D)
  2 bullfrogs (D)
  A killer bee (D)
  A howler monkey (D)
  A hound (D)
  4 orc priests (D)
  An iguana (D)
  2 orc wizards (D)
  An ufetubus (D)
  A dart slug (D)
  12 orcs (D)
  A giant cockroach (D)
  A quokka (D)
  A ball python (D)
  A rat (D)
194 creatures vanquished.

Vanquished Creatures (others)
  A necromancer (D)
  A deep elf pyromancer (D)
2 creatures vanquished.

Grand Total: 196 creatures vanquished

Notes
Turn   | Place    | Note
-------+----------+-------------------------------------------
     0 | D        | fozzywoppz the Minotaur Fighter began the quest for the
                  | Orb.
     0 | D        | Reached XP level 1. HP: 19/19 MP: 0/0
    10 | D        | Reached skill level 4 in Fighting
    19 | D        | Noticed an iguana
    19 | D        | Noticed a howler monkey
    19 | D        | Noticed a hound
    19 | D        | Noticed a black bear
    25 | D        | Killed a black bear
    26 | D        | Reached skill level 6 in Fighting
    26 | D        | Reached skill level 5 in Shields
    26 | D        | Reached XP level 2. HP: 23/31 MP: 1/1
    26 | D        | Reached XP level 3. HP: 28/38 MP: 2/2
    26 | D        | Reached XP level 4. HP: 34/45 MP: 3/3
    27 | D        | Reached skill level 7 in Fighting
    32 | D        | Reached skill level 8 in Fighting
    32 | D        | Reached XP level 5. HP: 42/53 MP: 4/4
    41 | D        | Found a snail-covered altar of Cheibriados.
    41 | D        | Found a shadowy altar of Dithmenos.
    41 | D        | Found a white marble altar of Elyvilon.
    41 | D        | Found a blossoming altar of Fedhas.
    41 | D        | Found an opulent altar of Gozag.
    42 | D        | Found a hazy altar of Hepliaklqana.
    43 | D        | Found a viscous altar of Jiyva.
    44 | D        | Found an ancient bone altar of Kikubaaqudgha.
    45 | D        | Found a corrupted altar of Lugonu.
    46 | D        | Found a burning altar of Makhleb.
    47 | D        | Found a sparkling altar of Nemelex Xobeh.
    48 | D        | Found an iron altar of Okawaru.
    49 | D        | Found a stormy altar of Qazlal.
    50 | D        | Found a sacrificial altar of Ru.
    51 | D        | Found a shimmering blue altar of Sif Muna.
    52 | D        | Found a bloodstained altar of Trog.
    53 | D        | Found a hide-covered altar of Uskayaw.
    54 | D        | Found a radiant altar of Vehumet.
    55 | D        | Found an ornate altar of the Wu Jian Council.
    56 | D        | Became a worshipper of Warmaster Okawaru
    57 | D        | Found a shimmering altar of Xom.
    58 | D        | Found a basalt altar of Yredelemnul.
    59 | D        | Found a glowing silver altar of Zin.
    60 | D        | Found a glowing golden altar of the Shining One.
   119 | D        | Noticed a two-headed ogre
   119 | D        | Noticed an orc warrior
   119 | D        | Noticed a yak
   119 | D        | Noticed a shadow
   119 | D        | Noticed a two-headed ogre
   124 | D        | Killed a two-headed ogre
   124 | D        | Reached * piety under Okawaru
   124 | D        | Reached ** piety under Okawaru
   125 | D        | Reached skill level 12 in Fighting
   125 | D        | Reached XP level 6. HP: 33/71 MP: 5/5
   125 | D        | Reached XP level 7. HP: 37/78 MP: 6/6
   126 | D        | Killed a shadow
   126 | D        | Reached *** piety under Okawaru
   127 | D        | Reached skill level 13 in Fighting
   128 | D        | Killed a yak
   129 | D        | Reached XP level 8. HP: 36/88 MP: 7/7
   136 | D        | Reached skill level 14 in Fighting
   137 | D        | Killed a two-headed ogre
   137 | D        | Reached **** piety under Okawaru
   138 | D        | Reached skill level 15 in Fighting
   146 | D        | Noticed a boulder beetle
   146 | D        | Noticed a centaur warrior
   146 | D        | Noticed a deep elf pyromancer
   146 | D        | Noticed a centaur warrior
   146 | D        | Noticed a centaur warrior
   146 | D        | Noticed an efreet
   154 | D        | Killed a centaur warrior
   155 | D        | Reached skill level 16 in Fighting
   155 | D        | Reached XP level 9. HP: 35/101 MP: 5/8
   156 | D        | Killed an efreet
   156 | D        | Reached ***** piety under Okawaru
   157 | D        | Reached skill level 17 in Fighting
   159 | D        | Killed a centaur warrior
   160 | D        | Killed a deep elf pyromancer
   165 | D        | Killed a centaur warrior
   166 | D        | Reached skill level 19 in Fighting
   170 | D        | Killed a boulder beetle
   170 | D        | Received a gift from Okawaru
   171 | D        | Reached skill level 20 in Fighting
   171 | D        | Reached XP level 10. HP: 30/117 MP: 7/9
   503 | D        | Noticed a black mamba
   503 | D        | Noticed a black mamba
   506 | D        | Killed a black mamba
   508 | D        | Noticed a cane toad
   512 | D        | Killed a black mamba
   512 | D        | Noticed a cane toad
   513 | D        | Reached skill level 21 in Fighting
   522 | D        | Killed a cane toad
   524 | D        | Killed a cane toad
   525 | D        | Reached skill level 22 in Fighting
   643 | D        | Noticed a skyshark
   644 | D        | Noticed a cane toad
   647 | D        | Received a gift from Okawaru
   647 | D        | Reached ****** piety under Okawaru
   655 | D        | Reached skill level 23 in Fighting
   666 | D        | Killed a skyshark
   674 | D        | Killed a cane toad
   675 | D        | Reached skill level 24 in Fighting
   680 | D        | Reached XP level 11. HP: 13/135 MP: 10/10
   984 | D        | Reached skill level 1 in Dodging
   999 | D        | Received a gift from Okawaru
  1300 | D        | Noticed Erolcha
  1311 | D        | Killed Erolcha
  1312 | D        | Reached skill level 25 in Fighting
  1312 | D        | Reached skill level 10 in Armour
  1312 | D        | Reached skill level 5 in Dodging
  1328 | D        | Upgraded the game from 0.31-a0-960-g0fca184906 to
                  | 0.31-a0-963-ga325b2283a
  1491 | D        | Acquired the +5 plate armour of Tender Moments {rF+ Regen+}
  1491 | D        | Received a gift from Okawaru
  1513 | D        | Acquired the +7 battleaxe "Minotaur's Bane" {elec, Str+4}
  1513 | D        | Received a gift from Okawaru
  1531 | D        | Reached skill level 1 in Invocations
  1587 | D        | Noticed an orc knight
  1587 | D        | Noticed an orc knight
  1587 | D        | Noticed an orc knight
  1592 | D        | Killed an orc knight
  1596 | D        | Killed an orc knight
  1600 | D        | Killed an orc knight
  1600 | D        | Received a gift from Okawaru
  1611 | D        | Noticed an orc knight
  1624 | D        | Killed an orc knight
  1680 | D        | Found Ogagun's Jewellery Boutique.
  1680 | D        | Noticed an orc sorcerer
  1680 | D        | Noticed an orc knight
  1680 | D        | Noticed an orc high priest
  1688 | D        | Killed an orc high priest
  1689 | D        | Reached skill level 5 in Invocations
  1689 | D        | Found Omuch's General Store.
  1691 | D        | Noticed an orc sorcerer
  1693 | D        | Noticed a soul eater
  1695 | D        | Killed an orc knight
  1697 | D        | Killed an orc sorcerer
  1698 | D        | Noticed a soul eater
  1716 | D        | Killed an orc sorcerer
  1716 | D        | Received a gift from Okawaru
  1717 | D        | Found Getheis's Weapon Boutique.
  1720 | D        | Found Amoguq's Jewellery Shop.
  1724 | D        | Noticed an orc knight
  1728 | D        | Noticed an orc high priest
  1770 | D        | Killed an orc knight
  1779 | D        | Killed an orc high priest
  1780 | D        | Reached XP level 12. HP: 81/146 MP: 9/15
  1796 | D        | Noticed an orc high priest
  1802 | D        | Killed an orc high priest
  1850 | D        | Bought a +5 ring of evasion for 360 gold pieces
  1850 | D        | Bought a +6 ring of dexterity for 360 gold pieces
  1856 | D        | Bought 2 potions of heal wounds for 110 gold pieces
  1856 | D        | Bought a potion of mutation for 88 gold pieces
  1878 | D        | Bought a ring of poison resistance for 200 gold pieces
  1892 | D        | Noticed Grum
  1893 | D        | Noticed Psyche
  1896 | D        | Killed Grum
  1900 | D        | Killed Psyche
  1909 | D        | Noticed Maurice
  1918 | D        | Killed Maurice
  2081 | D        | Noticed a catoblepas
  2081 | D        | Noticed a tengu warrior
  2117 | D        | Killed a tengu warrior
  2118 | D        | Reached skill level 10 in Dodging
  2135 | D        | Received a gift from Okawaru
  2152 | D        | Killed a catoblepas
  2175 | D        | Noticed a stone giant
  2182 | D        | Killed a stone giant
  2182 | D        | Noticed a stone giant
  2184 | D        | Noticed a stone giant
  2191 | D        | Killed a stone giant
  2192 | D        | Reached skill level 15 in Armour
  2196 | D        | Killed a stone giant
  2206 | D        | Noticed an ettin
  2212 | D        | Killed an ettin
  2212 | D        | Received a gift from Okawaru
  2213 | D        | Reached skill level 10 in Invocations
  2222 | D        | Noticed a purple very ugly thing
  2231 | D        | Killed a purple very ugly thing
  2366 | D        | Reached XP level 13. HP: 35/154 MP: 20/20
  2610 | D        | Reached skill level 15 in Dodging
  2613 | D        | Received a gift from Okawaru
  2681 | D        | Reached skill level 1 in Throwing
  2681 | D        | Noticed a bunyip
  2686 | D        | Reached skill level 1 in Evocations
  2698 | D        | Killed a bunyip
  2703 | D        | Received a gift from Okawaru
  2905 | D        | Noticed Azrael
  2916 | D        | Killed Azrael
  2956 | D        | Noticed Snorg
  2966 | D        | Killed Snorg
  2967 | D        | Reached skill level 5 in Throwing
  3016 | D        | Noticed a frost giant
  3016 | D        | Noticed a frost giant
  3016 | D        | Noticed a fire dragon
  3016 | D        | Noticed a green very ugly thing
  3016 | D        | Noticed a cyan very ugly thing
  3016 | D        | Noticed a golden dragon
  3026 | D        | Killed a cyan very ugly thing
  3030 | D        | Killed a green very ugly thing
  3031 | D        | Reached skill level 5 in Evocations
  3036 | D        | Killed a fire dragon
  3044 | D        | Received a gift from Okawaru
  3045 | D        | Noticed a fire dragon
  3048 | D        | Killed a frost giant
  3049 | D        | Reached skill level 26 in Fighting
  3051 | D        | Killed a frost giant
  3052 | D        | Reached XP level 14. HP: 100/165 MP: 18/22
  3052 | D        | Noticed a stone giant
  3059 | D        | Killed a golden dragon
  3065 | D        | Noticed a brown very ugly thing
  3079 | D        | Killed a stone giant
  3091 | D        | Killed a brown very ugly thing
  3091 | D        | Received a gift from Okawaru
  3195 | D        | Noticed an ironbound thunderhulk
  3195 | D        | Noticed an ironbound preserver
  3195 | D        | Noticed an ironbound preserver
  3203 | D        | Killed an ironbound preserver
  3218 | D        | Noticed an ironbound thunderhulk
  3220 | D        | Noticed an ironbound thunderhulk
  3223 | D        | Killed an ironbound thunderhulk
  3227 | D        | Killed an ironbound preserver
  3228 | D        | Noticed a formless jellyfish
  3230 | D        | Reached skill level 27 in Fighting
  3230 | D        | Reached skill level 10 in Throwing
  3233 | D        | Killed an ironbound thunderhulk
  3253 | D        | Killed a formless jellyfish
  3261 | D        | Noticed a vampire knight
  3264 | D        | Killed a vampire knight
  3269 | D        | Received a gift from Okawaru
  3289 | D        | Noticed an ironbound preserver
  3293 | D        | Killed an ironbound thunderhulk
  3300 | D        | Killed an ironbound preserver
  3310 | D        | Noticed an ironbound thunderhulk
  3482 | D        | Killed an ironbound thunderhulk
  3482 | D        | Received a gift from Okawaru
  3550 | D        | Noticed Nessos
  3579 | D        | Killed Nessos
  3624 | D        | Noticed an emperor scorpion
  3631 | D        | Killed an emperor scorpion
  3640 | D        | Noticed Mara
  3642 | D        | Noticed fozzywoppz's illusion
  3680 | D        | Noticed fozzywoppz's illusion
  3682 | D        | Slain by Mara

Illustrated notes

Levels and vault maps discovered:
D:        linesprint [early_d, line_temple, items_1, d_10, items_2, lair_1,
          lair_end, items_3, orc_1, orc_end, items_4, d_15, swamp_1, shoals_1,
          snake_1, spider_1, d_20, vaults_1, items_5, swamp_end, shoals_end,
          snake_end, spider_end, vaults_end, d_27, items_6, zot_1, zot_end,
          crypt_end, forest_end, elf_end, slime_end, tomb_end, abyss_end,
          pan_hell_end]

Skill      XL: |  1  2  3  4  5  6  7  8  9 10 11 12 13 14 |
---------------+-------------------------------------------+-----
Fighting       | 6 8 12 13 16 20 24 25 26 27 | 27.0
Axes           | 6 7 13 14 17 18 19 20 | 20.0
Armour         | 6 8 13 16 20 23 | 23.6
Shields        | 5 8 |  8.2
Dodging        | 8 13 16 20 | 20.0
Invocations    | 6 11 12 | 12.0
Throwing       | 7 13 | 13.1
Evocations     | 5 |  5.0

Action                     |  1- 3 |  4- 6 |  7- 9 | 10-12 | 13-15 || total
---------------------------+-------+-------+-------+-------+-------++-------
  Melee: War axe           |    15 |     9 |       |       |       ||    24
         Headbutt          |     3 |     1 |     7 |    54 |    74 ||   139
         Broad axe         |       |     4 |    27 |    99 |       ||   130
         Battleaxe         |       |       |       |   177 |   301 ||   478
  Throw: Javelin           |       |       |       |     3 |    20 ||    23
         Dart              |       |       |       |     4 |       ||     4
 Invoke: Heroism           |       |       |     1 |     1 |     1 ||     3
         Receive Weapon    |       |       |       |     1 |       ||     1
         Receive Armour    |       |       |       |     1 |       ||     1
         Finesse           |       |       |       |       |     2 ||     2
  Evoke: Wand              |       |       |     2 |     5 |     2 ||     9
    Use: Potion            |       |     1 |     3 |     2 |     8 ||    14
         Scroll            |       |       |       |     9 |     7 ||    16
   Stab: Invisible         |       |       |     3 |       |       ||     3
         Petrifying        |       |       |       |     1 |       ||     1
         Distracted        |       |       |       |       |     1 ||     1
 Armour: Scale mail        |    14 |     4 |       |       |       ||    18
         Ring mail         |       |     4 |    22 |       |       ||    26
         Chain mail        |       |       |       |    51 |       ||    51
         Plate armour      |       |       |       |   105 |   102 ||   207
         Gold dragon scale |       |       |       |       |    79 ||    79
  Dodge: Dodged            |     9 |     8 |     6 |    81 |   205 ||   309
  Block: Buckler           |     7 |       |     4 |    10 |       ||    21

Table legend: (Time is in decaauts)
 A = Elapsed time spent in this place.
 B = Non-inter-level travel time spent in this place.
 C = Inter-level travel time spent in this place.
 D = Time resting spent in this place.
 E = Time spent auto-exploring this place.
 F = Levels seen in this place.
 G = Mean time per level.
                   A        B        C        D        E       F      G
               +--------+--------+--------+--------+--------+-----+--------+
         Total |   3465 |   3465 |      0 |   1414 |     22 |   1 | 3465.0 |
       Dungeon |   3465 |   3465 |      0 |   1414 |     22 |   1 | 3465.0 |
               +--------+--------+--------+--------+--------+-----+--------+

Top non-repeatable levels by time:
       D: 3465 daAuts
